 Dungeon Crawl Stone Soup version 0.15-a0-77-g44c3f01 (webtiles) character file.

75 Qrupt the Ogre Mage (level 3, -2/31 HPs)
             Began as an Ogre Wizard on Apr 7, 2014.
             Slain by a gnoll
             ... wielding a +0,+0 whip
              (6 damage)
             ... on Level 2 of the Dungeon.
             The game lasted 00:07:40 (1514 turns).

Qrupt the Ogre Mage (Ogre Wizard)                   Turns: 1514, Time: 00:07:40

HP  -2/31        AC  3     Str 12      XL: 3   Next: 58%
MP   1/9         EV 10     Int 17      God:
Gold 32          SH  0     Dex  9      Spells:  3 memorised,  4 levels left

rFire  . . .     SeeInvis .     h - +0 club
rCold  . . .     Clarity  .     a - +0 robe
rNeg   . . .     Conserve .     (shield restricted)
rPois  .         rCorr    .     b - +0 hat
rElec  .         rRot     .     (no cloak)
SustAb . .       Spirit   .     (gloves unavailable)
rMut   .         Warding  .     (boots unavailable)
Saprov + . .     Stasis   .     (no amulet)
MR     .....                    (no ring)
                                (no ring)

@: very slightly contaminated, not resistant to hostile enchantments, unstealthy
A: unfitting armour, fast metabolism 1, saprovore 1, tough skin 1
a: no special abilities


You were on level 2 of the Dungeon.
You were very hungry.

You visited 1 branch of the dungeon, and saw 2 of its levels.

You collected 32 gold pieces.

Inventory:

Hand weapons
 h - a +0,+0 club (weapon)
Armour
 a - a +0 robe (worn)
 b - a +0 hat (worn)
Comestibles
 d - 2 meat rations
 g - an apple
Scrolls
 i - a scroll of enchant weapon II {unknown}
 j - a scroll of immolation {unknown}
 l - a scroll of identify {unknown}
Potions
 e - a potion of mutation {unknown}
 f - a potion of haste {unknown}
 k - 2 potions of heal wounds {unknown}
 m - a potion of restore abilities {unknown}
Books
 c - a book of Minor Magic

   Spells                             Type                      Level
   *Magic Dart                        Conjuration                  1
   *Blink                             Translocation                2
   Call Imp                           Summoning                    2
   Repel Missiles                     Charms/Air                   2
   Slow                               Hexes                        2
   *Conjure Flame                     Conjuration/Fire             3
   Mephitic Cloud                     Conjuration/Poison/Air       3


   Skills:
 + Level 1.8 Maces & Flails
 - Level 1.7 Dodging
 - Level 1.5 Stealth
 + Level 4.3 Spellcasting
 + Level 1.4 Conjurations
   Level 0.6 Summonings
 - Level 0.6 Translocations


You had 4 spell levels left.
You knew the following spells:

 Your Spells              Type           Power        Failure   Level  Hunger
a - Magic Dart            Conj           #...         10%         1    None
b - Blink                 Tloc           N/A          21%         2    ##.....
c - Conjure Flame         Conj/Fire      #.......     38%         3    ###....


Dungeon Overview and Level Annotations

Branches:
Dungeon (2/15)

Altars:


Innate Abilities, Weirdness & Mutations

You are too large for most types of armour.
You have a fast metabolism.
You can tolerate rotten meat.
You have tough skin (AC +1).


Message History

The gnoll is almost dead.
The gnoll closely misses you.
You barely miss the gnoll.
The gnoll is almost dead.
The gnoll closely misses you.
You barely miss the gnoll.
The gnoll is almost dead.
The gnoll hits you with a whip!
* * * LOW HITPOINT WARNING * * *
You are too injured to fight recklessly!
You are too injured to fight recklessly!
You are too injured to fight recklessly!
You are too injured to fight recklessly!
You are too injured to fight recklessly!
You are too injured to fight recklessly!
You are too injured to fight recklessly!
The gnoll hits you with a whip.
* * * LOW HITPOINT WARNING * * *
The gnoll hits you with a whip.
You die...

........##.#.#.# #####.####.###.
........##.#.#.# #........%.....
........##.#.#.########.####.###.
........##..............# #.# #<
........####.#.########.# #.# #.
#+####### #.#.########.# #.# #.
#.# #.#.#.....##.# #.# .
#.##########.#.#.g...##.# #.#
...............#@....##.# #.#
##.#########.###.....# . #.# #.#
#######.###.....# #.#
#.###...............#
#...........###.....#
#####.####### ##'#### #.# #.####
#.# #....# #.# #.##.#


You could see a gnoll.

Vanquished Creatures
  An adder (D:2)
  A giant mite (D:2)
  2 giant geckos (D:2)
  A ball python (D:2)
  3 bats
  4 giant cockroaches
  2 goblins (D:1)
  2 hobgoblins
  3 jackals (D:2)
  A giant newt (D:2)
  4 rats
24 creatures vanquished.

Notes
Turn   | Place    | Note
--------------------------------------------------------------
     0 | D:1      | Qrupt, the Ogre Wizard, began the quest for the Orb.
     0 | D:1      | Reached XP level 1. HP: 16/16 MP: 4/4
   281 | D:1      | Reached skill level 1 in Conjurations
   454 | D:1      | Reached XP level 2. HP: 24/24 MP: 3/6
   780 | D:2      | Reached skill level 4 in Spellcasting
   790 | D:2      | Reached skill level 1 in Maces & Flails
   907 | D:2      | Reached XP level 3. HP: 31/31 MP: 6/9
  1331 | D:2      | Learned a level 2 spell: Blink
  1335 | D:2      | Learned a level 3 spell: Conjure Flame
  1514 | D:2      | Slain by a gnoll

Action                   || total
-------------------------++-------
Melee: Club              ||    23
 Cast: Magic Dart        ||    76
